[ PARTIDA AOE2 · #464405591 ]
UnrankedMongoles vs Gurjaras
Equipo del jugador · DERR
[ ANÁLISIS DE REPETICIÓN · EXTRAÍDO DE LA PARTIDA GRABADA ]
Feudal
12:56
Castillos
21:35
Imperial
—
| APM promedio | 89.8 |
| APM pico | 132 |
| eAPM promedio | 39.3 |
| Aldeanos / militares | 206 / 105 |
Foco
⚔️ 33.6% · 🌾 66.4%
Spearman ×59 · Mangudai ×32 · Fishing Ship ×11 · Galley ×6 · Mangonel ×3 · Scorpion ×2
Feudal
14:32
Castillos
19:24
Imperial
40:08
| APM promedio | 32.4 |
| APM pico | 62 |
| eAPM promedio | 20.4 |
| Aldeanos / militares | 181 / 83 |
Foco
⚔️ 27.8% · 🌾 72.2%
Shrivamsha Rider ×68 · Camel Scout ×8 · Fishing Ship ×5 · Scorpion ×3 · Armored Elephant ×2 · Mangonel ×1
Feudal
14:17
Castillos
18:15
Imperial
—
| APM promedio | 37.9 |
| APM pico | 90 |
| eAPM promedio | 16.8 |
| Aldeanos / militares | 119 / 51 |
Foco
⚔️ 32.5% · 🌾 67.5%
Knight ×23 · Cavalry Archer ×22 · Fishing Ship ×8 · Scout Cavalry ×5 · Scorpion ×1
Feudal
13:35
Castillos
17:06
Imperial
36:43
| APM promedio | 65.0 |
| APM pico | 113 |
| eAPM promedio | 23.0 |
| Aldeanos / militares | 122 / 103 |
Foco
⚔️ 28.9% · 🌾 71.1%
Archer ×80 · Galley ×15 · Trebuchet (Packed) ×6 · Fishing Ship ×5 · Mameluke ×2
Feudal
11:52
Castillos
19:17
Imperial
35:22
| APM promedio | 42.9 |
| APM pico | 96 |
| eAPM promedio | 25.8 |
| Aldeanos / militares | 134 / 41 |
Foco
⚔️ 30.6% · 🌾 69.4%
Skirmisher ×17 · Leitis ×14 · Fishing Ship ×8 · Unknown (2626) ×7 · Mangonel ×4 · Trebuchet (Packed) ×3
Feudal
14:02
Castillos
17:32
Imperial
42:31
| APM promedio | 47.9 |
| APM pico | 92 |
| eAPM promedio | 20.9 |
| Aldeanos / militares | 135 / 98 |
Foco
⚔️ 35.4% · 🌾 64.6%
Spearman ×62 · Hussite Wagon ×32 · Fishing Ship ×9 · Battering Ram ×4 · Unknown (2626) ×1
Feudal
12:22
Castillos
23:04
Imperial
36:01
| APM promedio | 70.6 |
| APM pico | 130 |
| eAPM promedio | 23.4 |
| Aldeanos / militares | 146 / 187 |
Foco
⚔️ 43.9% · 🌾 56.1%
Archer ×182 · Fishing Ship ×11 · Trebuchet (Packed) ×5
Feudal
14:57
Castillos
21:41
Imperial
—
| APM promedio | 48.5 |
| APM pico | 121 |
| eAPM promedio | 28.2 |
| Aldeanos / militares | 105 / 12 |
Foco
⚔️ 29.9% · 🌾 70.1%
Fishing Ship ×18 · Iron Pagoda ×9 · Petard ×3
Mapa de la partida
Recursos iniciales + cada clic de construcción. Líneas = muros · curvas = relieve. ◆ oro · ⬟ piedra · ● bayas · ✦ reliquia · ◌ hueco del cierre
Inputs por minuto
— Hans the Waller - - PossiblySean
Build order — Hans the Waller
Primeras 150 de 484 acciones detectadas
| 0:26 | Construir | Dock |
| 1:09 | Construir | Town Center |
| 3:03 | Crear | Villager (Male) |
| 3:03 | Crear | Villager (Male) |
| 3:03 | Crear | Villager (Male) |
| 3:04 | Crear | Villager (Male) |
| 3:07 | Construir | House |
| 3:10 | Crear | Villager (Male) |
| 4:41 | Crear | Fishing Ship |
| 4:56 | Crear | Villager (Male) |
| 4:56 | Crear | Villager (Male) |
| 5:05 | Construir | House |
| 5:05 | Crear | Villager (Male) |
| 5:05 | Crear | Villager (Male) |
| 5:22 | Crear | Villager (Male) |
| 5:23 | Crear | Villager (Male) |
| 5:23 | Crear | Villager (Male) |
| 5:31 | Crear | Villager (Male) |
| 6:02 | Crear | Villager (Male) |
| 6:25 | Construir | House |
| 6:26 | Crear | Fishing Ship |
| 6:26 | Crear | Fishing Ship |
| 6:32 | Crear | Villager (Male) |
| 7:00 | Crear | Fishing Ship |
| 7:00 | Crear | Fishing Ship |
| 7:21 | Crear | Villager (Male) |
| 7:21 | Crear | Villager (Male) |
| 7:27 | Crear | Fishing Ship |
| 7:34 | Construir | House |
| 7:34 | Crear | Villager (Male) |
| 7:43 | Crear | Villager (Male) |
| 8:17 | Crear | Villager (Male) |
| 8:23 | Crear | Fishing Ship |
| 8:28 | Crear | Villager (Male) |
| 8:39 | Crear | Villager (Male) |
| 8:51 | Construir | Mill |
| 9:08 | Crear | Fishing Ship |
| 9:45 | Construir | House |
| 9:49 | Crear | Fishing Ship |
| 9:56 | Investigar | Loom |
| 9:56 | Investigar | Loom |
| 10:18 | Crear | Villager (Male) |
| 10:45 | Investigar | Feudal Age |
| 10:45 | Investigar | Feudal Age |
| 11:10 | Crear | Villager (Male) |
| 11:35 | Construir | Dock |
| 12:33 | Construir | House |
| 12:56 | Edad | Edad Feudal |
| 12:59 | Construir | Dock |
| 13:05 | Crear | Galley |
| 13:21 | Crear | Galley |
| 13:25 | Crear | Villager (Male) |
| 13:26 | Crear | Villager (Male) |
| 13:40 | Crear | Villager (Male) |
| 13:52 | Crear | Galley |
| 14:00 | Crear | Villager (Male) |
| 14:07 | Crear | Galley |
| 14:17 | Construir | House |
| 14:23 | Crear | Villager (Male) |
| 14:52 | Crear | Galley |
| 14:53 | Crear | Galley |
| 14:56 | Construir | House |
| 15:19 | Crear | Fishing Ship |
| 15:19 | Crear | Fishing Ship |
| 15:35 | Crear | Villager (Male) |
| 15:35 | Crear | Villager (Male) |
| 15:47 | Construir | Outpost |
| 15:49 | Crear | Villager (Male) |
| 15:49 | Crear | Villager (Male) |
| 15:49 | Crear | Villager (Male) |
| 15:54 | Construir | Mining Camp |
| 16:01 | Crear | Villager (Male) |
| 16:46 | Construir | Barracks |
| 17:30 | Construir | House |
| 17:34 | Construir | Outpost |
| 17:43 | Construir | Mill |
| 17:50 | Construir | Archery Range |
| 18:03 | Crear | Villager (Male) |
| 18:10 | Construir | Outpost |
| 18:17 | Construir | Blacksmith |
| 18:40 | Construir | House |
| 18:50 | Crear | Villager (Male) |
| 18:50 | Crear | Villager (Male) |
| 18:55 | Investigar | Castle Age |
| 18:55 | Investigar | Castle Age |
| 19:13 | Construir | House |
| 19:14 | Crear | Spearman |
| 19:14 | Crear | Spearman |
| 19:14 | Crear | Spearman |
| 19:17 | Crear | Villager (Male) |
| 19:21 | Construir | Lumber Camp |
| 20:11 | Construir | Mill |
| 20:38 | Crear | Spearman |
| 20:40 | Investigar | Forging |
| 20:42 | Crear | Villager (Male) |
| 20:43 | Crear | Villager (Male) |
| 20:43 | Crear | Villager (Male) |
| 20:43 | Crear | Villager (Male) |
| 20:43 | Crear | Villager (Male) |
| 20:45 | Crear | Villager (Male) |
| 20:45 | Crear | Villager (Male) |
| 20:47 | Crear | Spearman |
| 20:47 | Crear | Spearman |
| 20:56 | Crear | Villager (Male) |
| 20:56 | Crear | Villager (Male) |
| 21:06 | Investigar | Double-Bit Axe |
| 21:35 | Edad | Edad de los Castillos |
| 21:39 | Crear | Villager (Male) |
| 21:40 | Crear | Villager (Male) |
| 21:52 | Construir | Market |
| 22:01 | Investigar | Pikeman (upgrade) |
| 22:04 | Crear | Villager (Male) |
| 22:04 | Crear | Villager (Male) |
| 22:09 | Crear | Villager (Male) |
| 22:33 | Construir | Town Center |
| 22:36 | Construir | House |
| 23:07 | Investigar | Bow Saw |
| 23:07 | Investigar | Bow Saw |
| 23:09 | Investigar | Town Watch |
| 23:14 | Crear | Villager (Male) |
| 23:14 | Crear | Villager (Male) |
| 23:19 | Crear | Spearman |
| 23:19 | Crear | Spearman |
| 23:20 | Crear | Villager (Male) |
| 23:22 | Crear | Villager (Male) |
| 23:22 | Crear | Villager (Male) |
| 23:23 | Crear | Villager (Male) |
| 23:23 | Crear | Villager (Male) |
| 23:23 | Crear | Villager (Male) |
| 23:23 | Crear | Villager (Male) |
| 23:29 | Crear | Villager (Male) |
| 23:30 | Crear | Villager (Male) |
| 23:39 | Construir | Lumber Camp |
| 23:49 | Crear | Villager (Male) |
| 23:49 | Crear | Villager (Male) |
| 23:50 | Crear | Villager (Male) |
| 24:03 | Investigar | Wheelbarrow |
| 24:04 | Crear | Villager (Male) |
| 24:04 | Crear | Villager (Male) |
| 24:21 | Crear | Villager (Male) |
| 24:34 | Construir | Lumber Camp |
| 24:45 | Construir | Town Center |
| 25:02 | Investigar | Gold Mining |
| 25:07 | Crear | Villager (Male) |
| 25:07 | Crear | Villager (Male) |
| 25:07 | Crear | Villager (Male) |
| 25:18 | Crear | Spearman |
| 25:18 | Crear | Spearman |
| 25:18 | Crear | Spearman |
| 25:19 | Crear | Villager (Male) |
Build order — PossiblySean
Primeras 150 de 384 acciones detectadas
| 0:28 | Construir | Dock |
| 1:49 | Construir | Town Center |
| 3:04 | Construir | House |
| 3:33 | Crear | Villager (Male) |
| 3:33 | Crear | Villager (Male) |
| 3:34 | Crear | Villager (Male) |
| 3:34 | Crear | Villager (Male) |
| 3:34 | Crear | Villager (Male) |
| 4:34 | Crear | Fishing Ship |
| 5:19 | Construir | House |
| 5:29 | Investigar | Loom |
| 6:00 | Crear | Villager (Male) |
| 6:00 | Crear | Villager (Male) |
| 6:12 | Crear | Villager (Male) |
| 6:12 | Crear | Villager (Male) |
| 6:12 | Crear | Villager (Male) |
| 6:34 | Crear | Villager (Male) |
| 6:34 | Crear | Villager (Male) |
| 7:06 | Construir | House |
| 7:18 | Crear | Villager (Male) |
| 7:18 | Crear | Villager (Male) |
| 7:18 | Crear | Villager (Male) |
| 7:36 | Crear | Fishing Ship |
| 7:44 | Crear | Villager (Male) |
| 7:44 | Crear | Villager (Male) |
| 7:44 | Crear | Villager (Male) |
| 8:00 | Crear | Villager (Male) |
| 8:00 | Crear | Villager (Male) |
| 8:00 | Crear | Villager (Male) |
| 8:10 | Construir | House |
| 8:36 | Crear | Villager (Male) |
| 8:36 | Crear | Villager (Male) |
| 8:47 | Crear | Fishing Ship |
| 9:02 | Crear | Villager (Male) |
| 9:02 | Crear | Villager (Male) |
| 9:31 | Crear | Villager (Male) |
| 9:31 | Crear | Villager (Male) |
| 9:47 | Construir | Mill |
| 9:52 | Crear | Villager (Male) |
| 10:17 | Crear | Villager (Male) |
| 10:43 | Crear | Fishing Ship |
| 10:47 | Construir | House |
| 11:07 | Crear | Villager (Male) |
| 11:17 | Crear | Villager (Male) |
| 11:18 | Crear | Fishing Ship |
| 11:31 | Crear | Villager (Male) |
| 11:38 | Construir | House |
| 12:13 | Investigar | Feudal Age |
| 12:18 | Construir | Mining Camp |
| 13:27 | Construir | Barracks |
| 13:32 | Crear | Villager (Male) |
| 13:32 | Crear | Villager (Male) |
| 14:02 | Construir | Lumber Camp |
| 14:22 | Construir | Palisade Wall |
| 14:23 | Construir | Palisade Wall |
| 14:25 | Construir | Palisade Wall |
| 14:32 | Edad | Edad Feudal |
| 15:29 | Crear | Villager (Male) |
| 15:37 | Crear | Villager (Male) |
| 15:44 | Construir | Stable |
| 15:50 | Construir | Market |
| 15:56 | Investigar | Double-Bit Axe |
| 16:00 | Crear | Villager (Male) |
| 16:38 | Investigar | Castle Age |
| 16:59 | Construir | Stable |
| 17:06 | Construir | House |
| 17:08 | Construir | Palisade Wall |
| 17:08 | Construir | Palisade Wall |
| 17:19 | Construir | Mill |
| 17:31 | Investigar | Bloodlines |
| 18:01 | Investigar | Double-Bit Axe |
| 18:31 | Crear | Camel Scout |
| 18:31 | Crear | Camel Scout |
| 18:37 | Crear | Villager (Male) |
| 18:45 | Crear | Spearman |
| 18:53 | Construir | Palisade Wall |
| 18:55 | Construir | Palisade Wall |
| 18:58 | Construir | Palisade Wall |
| 18:59 | Construir | Palisade Wall |
| 19:04 | Crear | Camel Scout |
| 19:05 | Crear | Villager (Male) |
| 19:14 | Crear | Villager (Male) |
| 19:14 | Crear | Villager (Male) |
| 19:20 | Crear | Villager (Male) |
| 19:24 | Edad | Edad de los Castillos |
| 19:24 | Investigar | Horse Collar |
| 19:44 | Crear | Camel Scout |
| 19:47 | Construir | Farm |
| 19:51 | Construir | Farm |
| 19:54 | Construir | Farm |
| 19:54 | Crear | Villager (Male) |
| 20:04 | Crear | Camel Scout |
| 20:19 | Crear | Villager (Male) |
| 20:31 | Crear | Villager (Male) |
| 20:46 | Crear | Camel Scout |
| 20:50 | Construir | House |
| 20:57 | Construir | Farm |
| 21:01 | Construir | House |
| 21:02 | Construir | House |
| 21:08 | Crear | Shrivamsha Rider ×2 |
| 21:09 | Crear | Shrivamsha Rider ×2 |
| 21:12 | Construir | House |
| 21:38 | Crear | Shrivamsha Rider ×2 |
| 21:39 | Crear | Villager (Male) |
| 21:49 | Investigar | Husbandry |
| 21:55 | Construir | Farm |
| 21:55 | Construir | Farm |
| 21:56 | Construir | Farm |
| 22:04 | Crear | Villager (Male) |
| 22:14 | Crear | Villager (Male) |
| 22:15 | Crear | Villager (Male) |
| 22:25 | Construir | Farm |
| 22:29 | Crear | Villager (Male) |
| 22:45 | Crear | Villager (Male) |
| 22:49 | Crear | Villager (Male) |
| 22:57 | Crear | Shrivamsha Rider ×2 |
| 23:08 | Construir | House |
| 23:09 | Construir | House |
| 23:12 | Crear | Villager (Male) |
| 23:12 | Crear | Villager (Male) |
| 23:20 | Crear | Villager (Male) |
| 23:23 | Crear | Shrivamsha Rider |
| 23:29 | Crear | Villager (Male) |
| 23:42 | Construir | House |
| 23:52 | Crear | Villager (Male) |
| 23:52 | Crear | Villager (Male) |
| 24:06 | Crear | Villager (Male) |
| 24:20 | Construir | Building 487 |
| 24:23 | Construir | Stone Wall |
| 24:31 | Crear | Villager (Male) |
| 24:31 | Crear | Villager (Male) |
| 24:31 | Crear | Villager (Male) |
| 24:31 | Crear | Villager (Male) |
| 24:31 | Crear | Villager (Male) |
| 24:31 | Crear | Villager (Male) |
| 24:45 | Construir | Town Center |
| 24:54 | Crear | Villager (Male) |
| 25:34 | Crear | Villager (Male) |
| 25:34 | Crear | Villager (Male) |
| 25:36 | Construir | Farm |
| 25:36 | Construir | Farm |
| 25:37 | Construir | Farm |
| 25:38 | Crear | Villager (Male) |
| 25:44 | Crear | Villager (Male) |
| 26:10 | Construir | Blacksmith |
| 26:11 | Crear | Villager (Male) |
| 26:13 | Crear | Villager (Male) |
| 26:13 | Crear | Villager (Male) |
| 26:18 | Crear | Shrivamsha Rider ×2 |
| 26:19 | Crear | Shrivamsha Rider ×2 |
Build order — Xololo
Primeras 150 de 274 acciones detectadas
| 1:02 | Construir | Dock |
| 1:05 | Construir | Town Center |
| 2:54 | Crear | Villager (Male) |
| 2:54 | Crear | Villager (Male) |
| 2:55 | Crear | Villager (Male) |
| 3:23 | Investigar | Loom |
| 3:23 | Crear | Villager (Male) |
| 3:30 | Construir | House |
| 3:40 | Crear | Villager (Male) |
| 3:40 | Crear | Villager (Male) |
| 4:19 | Crear | Fishing Ship |
| 4:25 | Construir | House |
| 5:24 | Crear | Villager (Male) |
| 5:48 | Crear | Villager (Male) |
| 5:59 | Construir | House |
| 6:15 | Crear | Villager (Male) |
| 6:24 | Crear | Villager (Male) |
| 7:03 | Crear | Villager (Male) |
| 7:12 | Crear | Fishing Ship |
| 7:12 | Crear | Fishing Ship |
| 7:37 | Crear | Villager (Male) |
| 7:39 | Crear | Fishing Ship |
| 8:01 | Crear | Villager (Male) |
| 8:21 | Crear | Villager (Male) |
| 8:33 | Crear | Villager (Male) |
| 8:52 | Construir | Mill |
| 9:02 | Construir | House |
| 9:04 | Crear | Villager (Male) |
| 9:11 | Construir | House |
| 9:18 | Crear | Villager (Male) |
| 10:12 | Construir | Lumber Camp |
| 10:15 | Crear | Villager (Male) |
| 10:28 | Crear | Villager (Male) |
| 10:38 | Crear | Fishing Ship |
| 11:15 | Crear | Villager (Male) |
| 11:42 | Crear | Villager (Male) |
| 11:51 | Construir | Mining Camp |
| 12:02 | Investigar | Feudal Age |
| 13:25 | Construir | Barracks |
| 13:35 | Construir | House |
| 13:37 | Crear | Villager (Male) |
| 13:38 | Crear | Villager (Male) |
| 13:46 | Crear | Fishing Ship |
| 14:17 | Edad | Edad Feudal |
| 14:23 | Construir | Stable |
| 14:38 | Construir | Blacksmith |
| 14:47 | Construir | House |
| 15:10 | Crear | Villager (Male) |
| 15:22 | Investigar | Castle Age |
| 15:43 | Crear | Scout Cavalry |
| 16:02 | Investigar | Double-Bit Axe |
| 16:32 | Crear | Scout Cavalry |
| 16:46 | Crear | Villager (Male) |
| 17:21 | Construir | Mill |
| 17:29 | Crear | Scout Cavalry |
| 17:45 | Investigar | Scale Barding Armor |
| 17:47 | Crear | Scout Cavalry |
| 17:54 | Crear | Fishing Ship |
| 17:54 | Crear | Fishing Ship |
| 18:15 | Edad | Edad de los Castillos |
| 18:17 | Investigar | Bow Saw |
| 18:20 | Investigar | Husbandry |
| 18:34 | Crear | Scout Cavalry |
| 19:04 | Crear | Villager (Male) |
| 19:04 | Crear | Villager (Male) |
| 19:22 | Investigar | Light Cavalry (upgrade) |
| 19:24 | Investigar | Chain Barding Armor |
| 19:37 | Crear | Villager (Male) |
| 19:40 | Investigar | Wheelbarrow |
| 19:55 | Crear | Villager (Male) |
| 20:00 | Construir | Farm |
| 20:15 | Construir | Farm |
| 20:16 | Construir | Farm |
| 20:37 | Crear | Villager (Male) |
| 20:43 | Construir | House |
| 20:44 | Construir | House |
| 21:07 | Crear | Knight |
| 21:07 | Crear | Knight |
| 21:30 | Crear | Villager (Male) |
| 21:47 | Crear | Villager (Male) |
| 21:48 | Crear | Knight |
| 21:52 | Construir | Town Center |
| 22:09 | Crear | Knight |
| 22:13 | Crear | Knight |
| 22:27 | Crear | Villager (Male) |
| 22:32 | Construir | House |
| 22:33 | Construir | House |
| 22:46 | Construir | Farm |
| 22:46 | Construir | Farm |
| 23:07 | Crear | Villager (Male) |
| 23:15 | Construir | Farm |
| 23:16 | Construir | Farm |
| 23:17 | Crear | Villager (Male) |
| 23:29 | Crear | Villager (Male) |
| 23:29 | Crear | Villager (Male) |
| 23:55 | Crear | Villager (Male) |
| 23:58 | Construir | Mining Camp |
| 24:24 | Construir | Mill |
| 24:33 | Crear | Villager (Male) |
| 24:34 | Crear | Villager (Male) |
| 24:34 | Crear | Villager (Male) |
| 25:08 | Crear | Knight |
| 25:08 | Crear | Knight |
| 25:34 | Construir | Farm |
| 25:35 | Crear | Villager (Male) |
| 25:45 | Construir | Mining Camp |
| 25:55 | Crear | Villager (Male) |
| 26:05 | Crear | Villager (Male) |
| 26:10 | Construir | Farm |
| 26:11 | Construir | Farm |
| 26:12 | Construir | Farm |
| 26:15 | Investigar | Horse Collar |
| 26:20 | Construir | Market |
| 26:22 | Construir | House |
| 26:42 | Crear | Villager (Male) |
| 26:43 | Crear | Villager (Male) |
| 26:48 | Crear | Villager (Male) |
| 26:53 | Crear | Villager (Male) |
| 26:58 | Construir | Mill |
| 27:09 | Crear | Villager (Male) |
| 27:09 | Crear | Villager (Male) |
| 28:14 | Investigar | Hand Cart |
| 28:15 | Construir | Farm |
| 28:16 | Construir | Farm |
| 28:16 | Construir | Farm |
| 28:37 | Construir | Farm |
| 28:38 | Construir | Farm |
| 28:38 | Construir | Farm |
| 28:38 | Construir | Farm |
| 28:40 | Crear | Villager (Male) |
| 28:49 | Investigar | Fletching |
| 29:00 | Crear | Villager (Male) |
| 29:00 | Crear | Villager (Male) |
| 29:01 | Crear | Villager (Male) |
| 29:11 | Crear | Villager (Male) |
| 29:11 | Crear | Villager (Male) |
| 29:23 | Construir | Town Center |
| 29:25 | Crear | Villager (Male) |
| 29:25 | Crear | Villager (Male) |
| 29:37 | Crear | Villager (Male) |
| 29:38 | Crear | Villager (Male) |
| 29:49 | Crear | Villager (Male) |
| 29:49 | Investigar | Town Watch |
| 29:50 | Crear | Villager (Male) |
| 29:51 | Crear | Villager (Male) |
| 29:56 | Construir | Farm |
| 29:58 | Crear | Villager (Male) |
| 29:58 | Crear | Villager (Male) |
| 29:59 | Crear | Villager (Male) |
| 30:11 | Construir | Archery Range |
Build order — LaochraGael
Primeras 150 de 338 acciones detectadas
| 1:12 | Construir | Town Center |
| 1:32 | Construir | House |
| 1:35 | Construir | Dock |
| 2:47 | Crear | Villager (Male) |
| 2:47 | Crear | Villager (Male) |
| 2:48 | Crear | Villager (Male) |
| 2:48 | Crear | Villager (Male) |
| 4:18 | Crear | Fishing Ship |
| 4:31 | Investigar | Loom |
| 4:34 | Construir | House |
| 4:52 | Crear | Villager (Male) |
| 5:21 | Crear | Villager (Male) |
| 5:41 | Crear | Fishing Ship |
| 5:44 | Crear | Villager (Male) |
| 6:09 | Crear | Villager (Male) |
| 6:22 | Construir | House |
| 6:33 | Crear | Villager (Male) |
| 6:35 | Crear | Fishing Ship |
| 7:02 | Crear | Villager (Male) |
| 7:28 | Crear | Villager (Male) |
| 7:30 | Construir | House |
| 7:36 | Crear | Fishing Ship |
| 7:55 | Crear | Villager (Male) |
| 7:56 | Crear | Villager (Male) |
| 8:21 | Crear | Fishing Ship |
| 8:35 | Crear | Villager (Male) |
| 9:03 | Construir | House |
| 9:06 | Construir | Mill |
| 9:07 | Crear | Villager (Male) |
| 9:25 | Crear | Villager (Male) |
| 9:48 | Crear | Villager (Male) |
| 10:28 | Construir | Mining Camp |
| 10:29 | Crear | Villager (Male) |
| 10:45 | Crear | Villager (Male) |
| 11:01 | Construir | House |
| 11:15 | Investigar | Feudal Age |
| 12:22 | Crear | Villager (Male) |
| 12:22 | Crear | Villager (Male) |
| 13:35 | Edad | Edad Feudal |
| 13:36 | Construir | Blacksmith |
| 13:39 | Construir | Market |
| 13:46 | Construir | Lumber Camp |
| 14:26 | Investigar | Castle Age |
| 14:26 | Investigar | Castle Age |
| 14:40 | Construir | House |
| 14:41 | Investigar | Double-Bit Axe |
| 15:30 | Construir | Dock |
| 15:45 | Investigar | Fletching |
| 16:02 | Crear | Galley |
| 16:07 | Crear | Galley |
| 16:35 | Crear | Villager (Male) |
| 16:52 | Crear | Galley |
| 17:05 | Crear | Galley |
| 17:06 | Edad | Edad de los Castillos |
| 17:08 | Investigar | Bodkin Arrow |
| 17:09 | Crear | Villager (Male) |
| 17:38 | Investigar | War Galley (upgrade) |
| 17:40 | Crear | Villager (Male) |
| 17:44 | Crear | Villager (Male) |
| 18:01 | Crear | Galley |
| 18:07 | Construir | House |
| 18:24 | Crear | Galley |
| 18:26 | Crear | Villager (Male) |
| 18:58 | Crear | Villager (Male) |
| 19:00 | Crear | Galley |
| 19:14 | Crear | Galley |
| 19:25 | Crear | Galley |
| 19:41 | Crear | Villager (Male) |
| 19:50 | Crear | Galley |
| 20:01 | Crear | Villager (Male) |
| 20:03 | Construir | House |
| 20:04 | Construir | House |
| 20:07 | Investigar | Bow Saw |
| 20:21 | Crear | Galley |
| 20:24 | Crear | Villager (Male) |
| 20:33 | Crear | Galley |
| 20:34 | Crear | Villager (Male) |
| 20:46 | Crear | Galley |
| 20:48 | Crear | Villager (Male) |
| 20:51 | Construir | House |
| 20:56 | Crear | Villager (Male) |
| 21:08 | Crear | Galley |
| 21:17 | Crear | Galley |
| 21:40 | Crear | Villager (Male) |
| 21:56 | Crear | Villager (Male) |
| 22:08 | Construir | Town Center |
| 22:38 | Crear | Villager (Male) |
| 22:51 | Crear | Villager (Male) |
| 22:53 | Crear | Villager (Male) |
| 23:26 | Crear | Villager (Male) |
| 23:30 | Construir | Farm |
| 23:30 | Construir | Farm |
| 23:30 | Construir | Farm |
| 23:30 | Construir | Farm |
| 23:31 | Construir | Farm |
| 23:32 | Investigar | Horse Collar |
| 23:33 | Crear | Villager (Male) |
| 23:39 | Crear | Villager (Male) |
| 23:45 | Crear | Villager (Male) |
| 23:55 | Crear | Villager (Male) |
| 24:05 | Construir | Farm |
| 24:15 | Crear | Villager (Male) |
| 24:18 | Construir | Farm |
| 24:27 | Construir | Town Center |
| 24:44 | Crear | Villager (Male) |
| 24:54 | Crear | Villager (Male) |
| 25:03 | Construir | Building 796 |
| 25:06 | Construir | Palisade Wall |
| 25:07 | Crear | Villager (Male) |
| 25:10 | Construir | Farm |
| 25:10 | Construir | Farm |
| 25:11 | Construir | Farm |
| 25:11 | Construir | Farm |
| 25:11 | Construir | Farm |
| 25:11 | Crear | Villager (Male) |
| 25:17 | Crear | Villager (Male) |
| 25:32 | Construir | Farm |
| 25:34 | Construir | Farm |
| 25:35 | Crear | Villager (Male) |
| 25:37 | Construir | Farm |
| 25:40 | Construir | House |
| 25:54 | Crear | Villager (Male) |
| 26:04 | Crear | Villager (Male) |
| 26:11 | Construir | Farm |
| 26:12 | Construir | House |
| 26:12 | Construir | House |
| 26:17 | Crear | Villager (Male) |
| 26:17 | Crear | Villager (Male) |
| 26:36 | Construir | Barracks |
| 26:37 | Crear | Villager (Male) |
| 26:38 | Crear | Villager (Male) |
| 26:44 | Crear | Villager (Male) |
| 26:59 | Crear | Villager (Male) |
| 27:03 | Construir | House |
| 27:04 | Construir | House |
| 27:04 | Construir | House |
| 27:05 | Construir | House |
| 27:20 | Crear | Villager (Male) |
| 27:24 | Investigar | Gold Mining |
| 27:39 | Crear | Villager (Male) |
| 27:39 | Crear | Villager (Male) |
| 27:44 | Crear | Villager (Male) |
| 27:51 | Crear | Villager (Male) |
| 27:57 | Crear | Villager (Male) |
| 28:05 | Construir | Archery Range |
| 28:07 | Construir | Archery Range |
| 28:08 | Crear | Villager (Male) |
| 28:20 | Construir | Monastery |
| 28:21 | Crear | Villager (Male) |
| 28:28 | Crear | Villager (Male) |
Build order — OS+ | Loki
Primeras 150 de 314 acciones detectadas
| 0:51 | Construir | Dock |
| 0:56 | Construir | Town Center |
| 2:44 | Crear | Villager (Male) ×4 |
| 2:44 | Crear | Villager (Male) ×2 |
| 2:44 | Crear | Villager (Male) ×2 |
| 2:53 | Construir | House |
| 3:56 | Crear | Fishing Ship |
| 3:57 | Crear | Fishing Ship |
| 4:36 | Construir | House |
| 4:42 | Crear | Villager (Male) |
| 4:59 | Crear | Fishing Ship |
| 5:33 | Crear | Fishing Ship |
| 5:55 | Construir | House |
| 5:57 | Crear | Villager (Male) |
| 6:32 | Crear | Villager (Male) |
| 6:37 | Crear | Fishing Ship |
| 6:47 | Crear | Villager (Male) |
| 6:48 | Crear | Villager (Male) |
| 7:05 | Crear | Villager (Male) |
| 7:14 | Construir | House |
| 7:17 | Crear | Villager (Male) |
| 7:36 | Crear | Villager (Male) |
| 7:49 | Crear | Fishing Ship |
| 7:49 | Crear | Fishing Ship |
| 8:02 | Crear | Villager (Male) |
| 8:20 | Crear | Fishing Ship |
| 9:03 | Construir | Lumber Camp |
| 9:07 | Crear | Villager (Male) |
| 9:33 | Crear | Villager (Male) |
| 9:42 | Investigar | Feudal Age |
| 9:50 | Construir | House |
| 10:48 | Construir | Mining Camp |
| 11:20 | Construir | Dock |
| 11:50 | Construir | House |
| 11:52 | Edad | Edad Feudal |
| 11:52 | Crear | Villager (Male) |
| 11:54 | Crear | Unit 2626 |
| 12:13 | Investigar | Double-Bit Axe |
| 12:15 | Crear | Villager (Male) |
| 12:19 | Crear | Unit 2626 |
| 12:25 | Crear | Villager (Male) |
| 12:37 | Crear | Villager (Male) |
| 12:49 | Crear | Unit 2626 |
| 12:50 | Crear | Villager (Male) |
| 13:04 | Crear | Unit 2626 |
| 13:41 | Construir | House |
| 13:41 | Crear | Villager (Male) |
| 13:54 | Construir | Mill |
| 13:55 | Crear | Villager (Male) |
| 14:22 | Crear | Villager (Male) |
| 14:37 | Crear | Villager (Male) |
| 14:43 | Construir | Blacksmith |
| 14:48 | Crear | Unit 2626 |
| 15:28 | Crear | Villager (Male) |
| 15:30 | Construir | Market |
| 15:32 | Crear | Villager (Male) |
| 16:09 | Construir | House |
| 16:12 | Investigar | Loom |
| 16:34 | Crear | Villager (Male) |
| 16:35 | Investigar | Castle Age |
| 16:47 | Construir | House |
| 17:18 | Crear | Demolition Raft |
| 18:21 | Construir | Barracks |
| 18:32 | Crear | Villager (Male) |
| 18:44 | Crear | Unit 2626 |
| 18:45 | Crear | Unit 2626 |
| 19:03 | Investigar | Wheelbarrow |
| 19:17 | Edad | Edad de los Castillos |
| 19:22 | Construir | Town Center |
| 19:28 | Investigar | Bow Saw |
| 19:28 | Investigar | Bow Saw |
| 20:21 | Crear | Villager (Male) |
| 20:21 | Crear | Villager (Male) |
| 20:32 | Construir | Siege Workshop |
| 20:36 | Crear | Villager (Male) |
| 20:36 | Crear | Villager (Male) |
| 20:36 | Crear | Villager (Male) |
| 20:56 | Construir | Siege Workshop |
| 20:59 | Crear | Villager (Male) |
| 21:15 | Construir | Town Center |
| 21:48 | Crear | Villager (Male) |
| 21:48 | Crear | Villager (Male) |
| 21:58 | Crear | Mangonel |
| 22:07 | Crear | Villager (Male) |
| 22:25 | Crear | Villager (Male) |
| 22:25 | Crear | Villager (Male) |
| 22:53 | Crear | Villager (Male) |
| 22:53 | Crear | Villager (Male) |
| 22:53 | Crear | Villager (Male) |
| 22:57 | Crear | Villager (Male) |
| 23:31 | Crear | Scorpion |
| 24:01 | Construir | Mill |
| 24:02 | Construir | Farm |
| 24:02 | Construir | Farm |
| 24:02 | Construir | Farm |
| 24:03 | Construir | Farm |
| 24:03 | Construir | Farm |
| 24:10 | Construir | Farm |
| 24:12 | Construir | Farm |
| 24:13 | Construir | Farm |
| 24:21 | Construir | Farm |
| 24:40 | Crear | Villager (Male) |
| 24:40 | Crear | Villager (Male) |
| 24:46 | Construir | Farm |
| 24:53 | Crear | Villager (Male) |
| 24:53 | Crear | Villager (Male) |
| 24:53 | Crear | Villager (Male) |
| 25:21 | Crear | Villager (Male) |
| 25:28 | Crear | Villager (Male) |
| 25:28 | Crear | Villager (Male) |
| 25:28 | Crear | Villager (Male) |
| 25:35 | Construir | Farm |
| 25:40 | Construir | Mill |
| 25:41 | Crear | Villager (Male) |
| 25:41 | Crear | Villager (Male) |
| 25:44 | Construir | Farm |
| 25:48 | Investigar | Horse Collar |
| 25:56 | Crear | Villager (Male) |
| 25:56 | Crear | Villager (Male) |
| 25:56 | Crear | Villager (Male) |
| 26:01 | Construir | Lumber Camp |
| 26:08 | Crear | Villager (Male) |
| 26:27 | Crear | Villager (Male) |
| 26:27 | Crear | Villager (Male) |
| 26:55 | Crear | Villager (Male) |
| 26:55 | Crear | Villager (Male) |
| 26:56 | Crear | Villager (Male) |
| 27:02 | Crear | Mangonel |
| 27:07 | Crear | Villager (Male) |
| 27:07 | Crear | Villager (Male) |
| 27:09 | Construir | Farm |
| 27:32 | Crear | Villager (Male) |
| 27:33 | Crear | Villager (Male) |
| 27:35 | Construir | Farm |
| 27:38 | Construir | House |
| 27:38 | Construir | House |
| 27:38 | Construir | House |
| 27:59 | Crear | Villager (Male) |
| 27:59 | Crear | Villager (Male) |
| 28:15 | Crear | Villager (Male) |
| 28:15 | Crear | Villager (Male) |
| 28:20 | Construir | House |
| 28:22 | Construir | Palisade Wall |
| 28:35 | Construir | House |
| 28:39 | Construir | Palisade Wall |
| 28:46 | Crear | Villager (Male) |
| 29:01 | Construir | Monastery |
| 29:03 | Crear | Villager (Male) |
| 29:03 | Crear | Villager (Male) |
| 29:03 | Crear | Villager (Male) |
Build order — pb and jam
Primeras 150 de 340 acciones detectadas
| 0:45 | Construir | Dock |
| 1:10 | Construir | Town Center |
| 1:17 | Construir | House |
| 3:06 | Crear | Villager (Male) |
| 3:06 | Crear | Villager (Male) |
| 3:06 | Crear | Villager (Male) |
| 3:06 | Crear | Villager (Male) |
| 3:07 | Crear | Villager (Male) |
| 3:58 | Crear | Villager (Male) |
| 3:59 | Crear | Villager (Male) |
| 4:10 | Crear | Fishing Ship |
| 4:37 | Construir | House |
| 5:19 | Crear | Villager (Male) |
| 5:19 | Crear | Villager (Male) |
| 5:39 | Crear | Villager (Male) |
| 5:39 | Crear | Villager (Male) |
| 6:07 | Crear | Villager (Male) |
| 6:07 | Crear | Villager (Male) |
| 6:14 | Crear | Fishing Ship |
| 6:15 | Crear | Fishing Ship |
| 6:27 | Crear | Villager (Male) |
| 6:27 | Crear | Villager (Male) |
| 6:46 | Construir | House |
| 6:54 | Crear | Villager (Male) |
| 6:55 | Crear | Villager (Male) |
| 7:09 | Crear | Villager (Male) |
| 7:10 | Crear | Villager (Male) |
| 7:42 | Crear | Fishing Ship |
| 7:43 | Crear | Fishing Ship |
| 7:48 | Crear | Villager (Male) |
| 7:49 | Crear | Villager (Male) |
| 7:58 | Construir | House |
| 8:23 | Crear | Villager (Male) |
| 8:23 | Crear | Villager (Male) |
| 8:23 | Crear | Villager (Male) |
| 8:23 | Crear | Villager (Male) |
| 8:26 | Crear | Fishing Ship |
| 8:26 | Crear | Fishing Ship |
| 8:50 | Crear | Villager (Male) |
| 8:51 | Crear | Villager (Male) |
| 9:09 | Crear | Fishing Ship |
| 9:15 | Construir | House |
| 9:36 | Construir | House |
| 10:06 | Crear | Villager (Male) |
| 10:06 | Crear | Villager (Male) |
| 10:17 | Construir | Mill |
| 10:59 | Crear | Villager (Male) |
| 11:08 | Construir | House |
| 11:28 | Crear | Fishing Ship |
| 11:51 | Investigar | Feudal Age |
| 12:47 | Crear | Villager (Male) |
| 12:47 | Crear | Villager (Male) |
| 13:34 | Construir | Mining Camp |
| 14:02 | Edad | Edad Feudal |
| 14:04 | Construir | Market |
| 14:06 | Construir | Blacksmith |
| 14:51 | Investigar | Castle Age |
| 15:11 | Construir | Lumber Camp |
| 16:05 | Crear | Unit 2626 |
| 16:06 | Investigar | Double-Bit Axe |
| 16:28 | Crear | Villager (Male) |
| 17:32 | Edad | Edad de los Castillos |
| 17:45 | Construir | Castle |
| 17:47 | Crear | Villager (Male) |
| 18:05 | Crear | Villager (Male) |
| 18:22 | Construir | Mill |
| 18:27 | Crear | Villager (Male) |
| 18:30 | Construir | House |
| 18:38 | Crear | Hussite Wagon |
| 18:49 | Crear | Hussite Wagon |
| 18:50 | Crear | Villager (Male) |
| 19:12 | Crear | Hussite Wagon |
| 19:21 | Crear | Villager (Male) |
| 19:36 | Investigar | Bow Saw |
| 19:45 | Crear | Villager (Male) |
| 20:12 | Crear | Villager (Male) |
| 20:30 | Crear | Villager (Male) |
| 20:42 | Crear | Hussite Wagon |
| 20:53 | Construir | Lumber Camp |
| 20:57 | Crear | Villager (Male) |
| 21:11 | Crear | Hussite Wagon |
| 21:24 | Crear | Villager (Male) |
| 21:47 | Crear | Hussite Wagon |
| 21:57 | Crear | Villager (Male) |
| 22:13 | Crear | Villager (Male) |
| 22:22 | Crear | Hussite Wagon |
| 22:22 | Crear | Hussite Wagon |
| 22:24 | Construir | Barracks |
| 22:30 | Construir | Palisade Wall |
| 22:31 | Construir | Palisade Wall |
| 22:34 | Construir | Palisade Wall |
| 22:35 | Crear | Villager (Male) |
| 23:01 | Crear | Villager (Male) |
| 23:02 | Crear | Hussite Wagon |
| 23:02 | Crear | Hussite Wagon |
| 23:30 | Crear | Hussite Wagon |
| 23:30 | Crear | Hussite Wagon |
| 23:35 | Crear | Villager (Male) |
| 23:36 | Crear | Villager (Male) |
| 23:36 | Crear | Villager (Male) |
| 23:56 | Crear | Villager (Male) |
| 24:08 | Crear | Hussite Wagon |
| 24:47 | Crear | Villager (Male) |
| 25:11 | Crear | Hussite Wagon |
| 25:17 | Crear | Hussite Wagon |
| 25:39 | Crear | Villager (Male) |
| 25:42 | Construir | Town Center |
| 25:51 | Crear | Hussite Wagon |
| 25:56 | Investigar | Wagenburg Tactics |
| 26:11 | Crear | Villager (Male) |
| 26:16 | Investigar | Pikeman (upgrade) |
| 26:17 | Crear | Spearman |
| 26:19 | Construir | Palisade Wall |
| 26:20 | Construir | Palisade Wall |
| 26:27 | Investigar | Horse Collar |
| 26:29 | Construir | Farm |
| 26:30 | Construir | Farm |
| 26:31 | Construir | Farm |
| 26:39 | Crear | Villager (Male) |
| 26:39 | Crear | Villager (Male) |
| 26:40 | Crear | Hussite Wagon |
| 26:40 | Crear | Hussite Wagon |
| 26:43 | Construir | House |
| 26:44 | Construir | House |
| 26:52 | Crear | Hussite Wagon |
| 26:52 | Crear | Hussite Wagon |
| 26:54 | Crear | Spearman |
| 26:55 | Construir | House |
| 26:58 | Crear | Spearman |
| 27:02 | Construir | Farm |
| 27:03 | Construir | Farm |
| 27:06 | Construir | House |
| 27:09 | Crear | Villager (Male) |
| 27:09 | Crear | Villager (Male) |
| 27:33 | Crear | Villager (Male) |
| 27:36 | Crear | Spearman |
| 27:36 | Crear | Spearman |
| 27:38 | Crear | Villager (Male) |
| 27:38 | Crear | Villager (Male) |
| 27:43 | Construir | Farm |
| 28:03 | Crear | Spearman |
| 28:10 | Crear | Villager (Male) |
| 28:13 | Construir | Farm |
| 28:19 | Crear | Villager (Male) |
| 28:23 | Investigar | Loom |
| 28:38 | Crear | Hussite Wagon |
| 28:39 | Crear | Hussite Wagon |
| 28:39 | Crear | Villager (Male) |
| 28:40 | Crear | Villager (Male) |
| 28:40 | Crear | Villager (Male) |
Build order — NuclearPasta
Primeras 150 de 443 acciones detectadas
| 1:07 | Construir | Town Center |
| 2:14 | Construir | House |
| 2:40 | Crear | Villager (Male) |
| 2:41 | Crear | Villager (Male) |
| 2:41 | Crear | Villager (Male) |
| 2:41 | Crear | Villager (Male) |
| 2:41 | Crear | Villager (Male) |
| 3:33 | Construir | Dock |
| 4:09 | Crear | Fishing Ship |
| 4:10 | Crear | Fishing Ship |
| 4:29 | Construir | House |
| 4:35 | Investigar | Loom |
| 4:37 | Crear | Villager (Male) |
| 4:37 | Crear | Villager (Male) |
| 5:30 | Crear | Villager (Male) |
| 5:31 | Crear | Villager (Male) |
| 5:32 | Crear | Fishing Ship |
| 5:32 | Crear | Fishing Ship |
| 5:58 | Crear | Villager (Male) |
| 5:58 | Crear | Villager (Male) |
| 6:04 | Construir | House |
| 6:21 | Crear | Villager (Male) |
| 6:45 | Crear | Fishing Ship |
| 6:45 | Crear | Fishing Ship |
| 6:52 | Crear | Villager (Male) |
| 7:10 | Crear | Villager (Male) |
| 7:10 | Crear | Villager (Male) |
| 7:10 | Crear | Villager (Male) |
| 7:34 | Crear | Villager (Male) |
| 7:34 | Crear | Villager (Male) |
| 7:40 | Crear | Fishing Ship |
| 7:41 | Crear | Fishing Ship |
| 7:41 | Crear | Fishing Ship |
| 7:53 | Construir | House |
| 8:01 | Crear | Villager (Male) |
| 8:01 | Crear | Villager (Male) |
| 8:21 | Crear | Villager (Male) |
| 8:21 | Crear | Villager (Male) |
| 8:32 | Crear | Fishing Ship |
| 8:32 | Crear | Fishing Ship |
| 8:35 | Crear | Villager (Male) |
| 8:35 | Crear | Villager (Male) |
| 9:37 | Construir | Lumber Camp |
| 9:39 | Crear | Villager (Male) |
| 10:12 | Investigar | Feudal Age |
| 11:00 | Construir | House |
| 11:13 | Construir | Barracks |
| 11:34 | Construir | Mining Camp |
| 12:02 | Crear | Villager (Male) |
| 12:13 | Construir | Palisade Wall |
| 12:22 | Edad | Edad Feudal |
| 12:25 | Construir | Archery Range |
| 12:43 | Construir | Archery Range |
| 12:47 | Crear | Villager (Male) |
| 12:55 | Crear | Villager (Male) |
| 13:08 | Crear | Villager (Male) |
| 13:15 | Construir | House |
| 13:38 | Crear | Archer |
| 13:38 | Crear | Archer |
| 13:40 | Crear | Villager (Male) |
| 13:46 | Construir | Blacksmith |
| 13:53 | Crear | Archer |
| 13:53 | Crear | Archer |
| 13:57 | Construir | House |
| 14:09 | Investigar | Double-Bit Axe |
| 14:09 | Investigar | Double-Bit Axe |
| 14:10 | Crear | Villager (Male) |
| 14:38 | Crear | Archer |
| 14:39 | Crear | Archer |
| 14:40 | Crear | Villager (Male) |
| 14:43 | Construir | House |
| 14:52 | Investigar | Fletching |
| 14:59 | Crear | Archer |
| 14:59 | Crear | Archer |
| 15:04 | Crear | Villager (Male) |
| 15:04 | Crear | Villager (Male) |
| 15:05 | Crear | Villager (Male) |
| 15:06 | Construir | Lumber Camp |
| 15:11 | Construir | House |
| 15:31 | Crear | Archer |
| 15:31 | Crear | Archer |
| 15:32 | Crear | Archer |
| 15:44 | Crear | Villager (Male) |
| 15:45 | Crear | Archer |
| 15:52 | Construir | House |
| 15:53 | Construir | House |
| 16:06 | Crear | Villager (Male) |
| 16:07 | Crear | Archer |
| 16:07 | Crear | Archer |
| 16:12 | Crear | Archer |
| 16:27 | Crear | Villager (Male) |
| 16:31 | Construir | Mill |
| 16:59 | Crear | Villager (Male) |
| 17:00 | Crear | Archer |
| 17:00 | Crear | Archer |
| 17:05 | Construir | Market |
| 17:06 | Construir | House |
| 17:10 | Crear | Villager (Male) |
| 17:11 | Crear | Archer |
| 17:11 | Crear | Archer |
| 17:44 | Crear | Villager (Male) |
| 17:45 | Crear | Archer |
| 17:45 | Crear | Archer |
| 18:00 | Crear | Villager (Male) |
| 18:02 | Crear | Archer |
| 18:30 | Crear | Villager (Male) |
| 18:40 | Crear | Archer |
| 18:41 | Crear | Archer |
| 18:42 | Crear | Villager (Male) |
| 18:47 | Construir | House |
| 18:48 | Construir | House |
| 20:24 | Investigar | Castle Age |
| 20:26 | Crear | Archer |
| 20:26 | Crear | Archer |
| 20:27 | Crear | Archer |
| 20:27 | Crear | Archer |
| 20:40 | Crear | Archer |
| 20:41 | Crear | Archer |
| 21:02 | Investigar | Gold Mining |
| 21:03 | Crear | Villager (Male) |
| 21:03 | Crear | Villager (Male) |
| 21:06 | Construir | House |
| 21:09 | Crear | Archer |
| 21:09 | Crear | Archer |
| 21:10 | Crear | Archer |
| 21:32 | Crear | Archer |
| 21:33 | Crear | Archer |
| 21:33 | Crear | Archer |
| 22:26 | Crear | Archer |
| 22:26 | Crear | Archer |
| 22:27 | Crear | Archer |
| 22:27 | Crear | Archer |
| 22:53 | Crear | Villager (Male) |
| 23:04 | Edad | Edad de los Castillos |
| 23:07 | Investigar | Crossbowman (upgrade) |
| 23:07 | Investigar | Crossbowman (upgrade) |
| 23:08 | Investigar | Bodkin Arrow |
| 23:08 | Investigar | Bodkin Arrow |
| 23:12 | Crear | Villager (Male) |
| 23:22 | Crear | Archer |
| 23:22 | Crear | Archer |
| 23:23 | Crear | Archer |
| 23:46 | Crear | Archer |
| 23:48 | Crear | Villager (Male) |
| 23:50 | Construir | Town Center |
| 23:54 | Construir | Town Center |
| 24:10 | Crear | Archer |
| 24:10 | Crear | Archer |
| 24:41 | Crear | Archer |
| 24:41 | Crear | Archer |
Build order — benni9
Primeras 150 de 227 acciones detectadas
| 0:07 | Construir | Dock |
| 0:48 | Construir | House |
| 2:50 | Construir | Town Center |
| 5:09 | Crear | Villager (Male) |
| 5:36 | Investigar | Loom |
| 5:56 | Crear | Fishing Ship |
| 6:08 | Crear | Villager (Male) |
| 6:40 | Crear | Fishing Ship |
| 6:50 | Crear | Villager (Male) |
| 7:21 | Crear | Fishing Ship |
| 7:22 | Crear | Villager (Male) |
| 7:39 | Construir | House |
| 7:52 | Crear | Villager (Male) |
| 8:21 | Crear | Fishing Ship |
| 8:36 | Crear | Villager (Male) |
| 8:50 | Crear | Villager (Male) |
| 9:01 | Crear | Fishing Ship |
| 9:01 | Crear | Villager (Male) |
| 9:17 | Construir | House |
| 9:18 | Crear | Villager (Male) |
| 9:48 | Crear | Fishing Ship |
| 9:48 | Crear | Fishing Ship |
| 9:56 | Crear | Villager (Male) |
| 10:28 | Crear | Villager (Male) |
| 10:46 | Construir | Mill |
| 10:48 | Crear | Villager (Male) |
| 11:24 | Construir | House |
| 11:32 | Crear | Villager (Male) |
| 11:36 | Crear | Fishing Ship |
| 12:08 | Crear | Villager (Male) |
| 12:18 | Crear | Fishing Ship |
| 12:25 | Construir | Dock |
| 12:47 | Investigar | Feudal Age |
| 12:47 | Investigar | Feudal Age |
| 13:10 | Construir | Lumber Camp |
| 13:11 | Crear | Villager (Male) |
| 13:37 | Crear | Fishing Ship |
| 13:37 | Crear | Fishing Ship |
| 13:47 | Construir | House |
| 14:02 | Construir | Mining Camp |
| 14:29 | Crear | Fishing Ship |
| 14:57 | Edad | Edad Feudal |
| 14:57 | Crear | Fishing Ship |
| 14:57 | Crear | Fishing Ship |
| 14:58 | Crear | Villager (Male) |
| 15:01 | Investigar | Double-Bit Axe |
| 15:01 | Investigar | Double-Bit Axe |
| 15:18 | Crear | Villager (Male) |
| 15:19 | Crear | Fishing Ship |
| 15:19 | Crear | Fishing Ship |
| 15:45 | Construir | House |
| 15:57 | Crear | Fishing Ship |
| 15:57 | Crear | Fishing Ship |
| 16:20 | Construir | Dock |
| 16:27 | Crear | Villager (Male) |
| 16:37 | Crear | Villager (Male) |
| 16:41 | Construir | Watch Tower |
| 17:01 | Construir | House |
| 17:15 | Construir | Blacksmith |
| 18:08 | Construir | Palisade Wall |
| 18:27 | Construir | Market |
| 18:28 | Crear | Villager (Male) |
| 19:01 | Investigar | Castle Age |
| 19:01 | Investigar | Castle Age |
| 19:09 | Investigar | Tech 906 |
| 19:31 | Construir | House |
| 20:14 | Crear | Villager (Male) |
| 20:21 | Construir | Barracks |
| 20:24 | Investigar | Fletching |
| 20:24 | Investigar | Fletching |
| 20:29 | Crear | Villager (Male) |
| 20:36 | Investigar | Gold Mining |
| 20:36 | Investigar | Horse Collar |
| 20:55 | Crear | Villager (Male) |
| 21:41 | Edad | Edad de los Castillos |
| 21:43 | Construir | Siege Workshop |
| 21:45 | Crear | Villager (Male) |
| 21:47 | Investigar | Bodkin Arrow |
| 21:47 | Investigar | Bodkin Arrow |
| 21:52 | Investigar | Bow Saw |
| 21:53 | Investigar | Heavy Plow |
| 21:53 | Investigar | Heavy Plow |
| 22:13 | Crear | Villager (Male) |
| 22:22 | Construir | Town Center |
| 22:28 | Crear | Iron Pagoda |
| 22:42 | Crear | Villager (Male) |
| 23:02 | Construir | House |
| 23:20 | Crear | Villager (Male) |
| 23:34 | Crear | Villager (Male) |
| 23:45 | Crear | Villager (Male) |
| 23:49 | Crear | Iron Pagoda |
| 23:51 | Crear | Villager (Male) |
| 23:53 | Crear | Villager (Male) |
| 23:59 | Construir | House |
| 24:05 | Crear | Villager (Male) |
| 24:26 | Crear | Villager (Male) |
| 24:32 | Crear | Villager (Male) |
| 24:45 | Construir | Town Center |
| 25:07 | Crear | Villager (Male) |
| 25:19 | Investigar | Town Watch |
| 25:35 | Crear | Iron Pagoda |
| 25:43 | Crear | Villager (Male) |
| 26:13 | Crear | Villager (Male) |
| 27:09 | Crear | Iron Pagoda |
| 27:15 | Crear | Villager (Male) |
| 27:23 | Crear | Villager (Male) |
| 27:30 | Crear | Villager (Male) |
| 27:33 | Crear | Villager (Male) |
| 27:43 | Construir | Mill |
| 27:52 | Crear | Villager (Male) |
| 28:22 | Crear | Villager (Male) |
| 28:40 | Crear | Villager (Male) |
| 28:40 | Crear | Villager (Male) |
| 28:46 | Crear | Villager (Male) |
| 28:51 | Crear | Villager (Male) |
| 29:05 | Crear | Iron Pagoda |
| 29:34 | Crear | Villager (Male) |
| 29:43 | Crear | Villager (Male) |
| 30:09 | Crear | Villager (Male) |
| 30:15 | Crear | Villager (Male) |
| 31:00 | Construir | Mill |
| 31:34 | Crear | Villager (Male) |
| 31:40 | Construir | Castle |
| 32:08 | Crear | Villager (Male) |
| 32:08 | Crear | Villager (Male) |
| 32:20 | Construir | Farm |
| 32:20 | Construir | Farm |
| 32:20 | Construir | Farm |
| 32:21 | Construir | Farm |
| 32:21 | Construir | Farm |
| 32:21 | Construir | Farm |
| 32:21 | Construir | Farm |
| 32:22 | Construir | Farm |
| 32:22 | Construir | Farm |
| 32:34 | Crear | Villager (Male) |
| 32:52 | Construir | Farm |
| 33:01 | Construir | Farm |
| 33:03 | Construir | Mill |
| 33:11 | Crear | Villager (Male) |
| 33:34 | Crear | Petard |
| 33:37 | Crear | Villager (Male) |
| 33:52 | Crear | Villager (Male) |
| 34:02 | Crear | Petard |
| 34:05 | Crear | Villager (Male) |
| 34:11 | Crear | Villager (Male) |
| 34:28 | Crear | Petard |
| 34:33 | Crear | Villager (Male) |
| 34:34 | Crear | Villager (Male) |
| 34:44 | Crear | Villager (Male) |
| 34:52 | Construir | Building 490 |
Cronología de la partida
| 0:07 | benni9 · first_building Dock |
| 0:26 | Hans the Waller · first_building Dock |
| 0:28 | PossiblySean · first_building Dock |
| 0:45 | pb and jam · first_building Dock |
| 0:51 | OS+ | Loki · first_building Dock |
| 1:02 | Xololo · first_building Dock |
| 1:35 | LaochraGael · first_building Dock |
| 3:33 | NuclearPasta · first_building Dock |
| 11:13 | NuclearPasta · first_building Barracks |
| 11:52 | OS+ | Loki · age_up feudal |
| 12:13 | NuclearPasta · wall_segment Palisade Wall x5 |
| 12:22 | NuclearPasta · age_up feudal |
| 12:25 | NuclearPasta · first_building Archery Range |
| 12:56 | Hans the Waller · age_up feudal |
| 13:25 | Xololo · first_building Barracks |
| 13:27 | PossiblySean · first_building Barracks |
| 13:35 | LaochraGael · age_up feudal |
| 14:02 | pb and jam · age_up feudal |
| 14:17 | Xololo · age_up feudal |
| 14:22 | PossiblySean · wall_segment Palisade Wall x1 |
| 14:23 | PossiblySean · wall_segment Palisade Wall x1 |
| 14:23 | Xololo · first_building Stable |
| 14:25 | PossiblySean · wall_segment Palisade Wall x1 |
| 14:32 | PossiblySean · age_up feudal |
| 14:57 | benni9 · age_up feudal |
| 15:44 | PossiblySean · first_building Stable |
| 16:46 | Hans the Waller · first_building Barracks |
| 17:06 | LaochraGael · age_up castle |
| 17:08 | PossiblySean · wall_segment Palisade Wall x1 |
| 17:08 | PossiblySean · wall_segment Palisade Wall x1 |
| 17:32 | pb and jam · age_up castle |
| 17:45 | pb and jam · first_building Castle |
| 17:50 | Hans the Waller · first_building Archery Range |
| 18:08 | benni9 · wall_segment Palisade Wall x4 |
| 18:15 | Xololo · age_up castle |
| 18:18 | NuclearPasta · first_market_sell 100 wood |
| 18:19 | NuclearPasta · first_market_buy 100 food |
| 18:21 | OS+ | Loki · first_building Barracks |
| 18:53 | PossiblySean · wall_segment Palisade Wall x1 |
| 18:55 | PossiblySean · wall_segment Palisade Wall x1 |
| 18:58 | PossiblySean · wall_segment Palisade Wall x1 |
| 18:59 | PossiblySean · wall_segment Palisade Wall x1 |
| 19:17 | OS+ | Loki · age_up castle |
| 19:24 | PossiblySean · age_up castle |
| 20:21 | benni9 · first_building Barracks |
| 20:32 | OS+ | Loki · first_building Siege Workshop |
| 20:51 | pb and jam · first_market_buy 100 wood |
| 21:28 | benni9 · first_market_buy 100 stone |
| 21:35 | Hans the Waller · age_up castle |
| 21:41 | benni9 · age_up castle |
| 21:43 | benni9 · first_building Siege Workshop |
| 22:24 | pb and jam · first_building Barracks |
| 22:30 | pb and jam · wall_segment Palisade Wall x2 |
| 22:30 | Hans the Waller · first_market_buy 100 wood |
| 22:31 | pb and jam · wall_segment Palisade Wall x2 |
| 22:34 | pb and jam · wall_segment Palisade Wall x5 |
| 23:04 | NuclearPasta · age_up castle |
| 23:57 | OS+ | Loki · first_market_sell 100 wood |
| 24:23 | PossiblySean · wall_segment Stone Wall x3 |
| 24:36 | PossiblySean · first_market_sell 500 food |
| 24:38 | PossiblySean · first_market_buy 100 wood |
| 24:52 | OS+ | Loki · first_market_buy 100 food |
| 25:06 | LaochraGael · wall_segment Palisade Wall x1 |
| 26:19 | pb and jam · wall_segment Palisade Wall x1 |
| 26:20 | pb and jam · wall_segment Palisade Wall x1 |
| 26:21 | Hans the Waller · wall_segment Stone Wall x1 |
| 26:35 | Hans the Waller · wall_segment Stone Wall x4 |
| 26:36 | LaochraGael · first_building Barracks |
| 27:55 | PossiblySean · first_building Siege Workshop |
| 28:05 | LaochraGael · first_building Archery Range |
| 28:20 | LaochraGael · first_building Monastery |
| 28:22 | OS+ | Loki · wall_segment Palisade Wall x1 |
| 28:31 | Hans the Waller · first_building Castle |
| 28:39 | OS+ | Loki · wall_segment Palisade Wall x1 |
| 29:01 | OS+ | Loki · first_building Monastery |
| 29:20 | Xololo · first_market_buy 100 wood |
| 29:23 | LaochraGael · first_market_buy 100 food |
| 29:42 | OS+ | Loki · first_building Castle |
| 30:11 | Xololo · first_building Archery Range |
| 30:15 | Hans the Waller · wall_segment Stone Wall x1 |
| 30:16 | Hans the Waller · wall_segment Stone Wall x1 |
| 30:24 | LaochraGael · first_building Castle |
| 30:40 | NuclearPasta · first_building Monastery |
| 30:41 | LaochraGael · first_market_sell 100 food |
| 31:40 | benni9 · first_building Castle |
| 31:46 | Hans the Waller · wall_segment Stone Wall x1 |
| 31:49 | Hans the Waller · wall_segment Stone Wall x1 |
| 31:50 | Hans the Waller · wall_segment Stone Wall x1 |
| 31:50 | Hans the Waller · wall_segment Stone Wall x1 |
| 32:40 | pb and jam · first_building Siege Workshop |
| 32:44 | Hans the Waller · first_market_sell 500 food |
| 33:00 | OS+ | Loki · first_building Stable |
| 34:10 | Xololo · tribute_sent a jugador 1 |
| 34:10 | Xololo · tribute_sent a jugador 3 |
| 34:10 | Xololo · tribute_sent a jugador 4 |
| 34:10 | Xololo · tribute_sent a jugador 5 |
| 34:10 | Xololo · tribute_sent a jugador 6 |
| 34:10 | Xololo · tribute_sent a jugador 7 |
| 34:10 | Xololo · tribute_sent a jugador 8 |
| 34:33 | Hans the Waller · first_building Siege Workshop |
| 35:10 | Xololo · first_market_sell 100 wood |
| 35:22 | OS+ | Loki · age_up imperial |
| 35:44 | NuclearPasta · first_building Castle |
| 36:01 | NuclearPasta · age_up imperial |
| 36:27 | Xololo · first_building Siege Workshop |
| 36:41 | PossiblySean · first_building Castle |
| 36:43 | LaochraGael · age_up imperial |
| 36:43 | pb and jam · first_market_sell 100 wood |
| 38:16 | OS+ | Loki · first_building Archery Range |
| 38:40 | Xololo · first_building Castle |
| 39:13 | benni9 · wall_segment Stone Wall x4 |
| 39:58 | LaochraGael · tribute_sent a jugador 1 |
| 39:58 | LaochraGael · tribute_sent a jugador 2 |
| 39:58 | LaochraGael · tribute_sent a jugador 4 |
| 39:58 | LaochraGael · tribute_sent a jugador 5 |
| 39:58 | LaochraGael · tribute_sent a jugador 6 |
| 39:58 | LaochraGael · tribute_sent a jugador 7 |
| 39:58 | LaochraGael · tribute_sent a jugador 8 |
| 40:08 | PossiblySean · age_up imperial |
| 40:54 | LaochraGael · tribute_sent a jugador 1 |
| 40:54 | LaochraGael · tribute_sent a jugador 2 |
| 40:54 | LaochraGael · tribute_sent a jugador 4 |
| 40:54 | LaochraGael · tribute_sent a jugador 5 |
| 40:54 | LaochraGael · tribute_sent a jugador 6 |
| 40:54 | LaochraGael · tribute_sent a jugador 7 |
| 40:54 | LaochraGael · tribute_sent a jugador 8 |
| 41:24 | NuclearPasta · first_building Siege Workshop |
| 42:25 | Hans the Waller · resign |
| 42:31 | pb and jam · age_up imperial |
[ ANÁLISIS IA · 1 CRÉDITO ]
¿Qué pasó realmente en esta partida?
Wolo.gg analiza cada decisión: build order, eco, micro, errores típicos por bracket. Análisis personalizado por WhatsApp o Discord en 30 segundos.
Guía civ
Mongoles
Perfil
Jugador #3550600